 Dungeon Crawl Stone Soup version 0.31.0-11-ge490571c62 (webtiles) character file.

Game seed: 14773649409060307199

861 Hubris850 the Ruffian (level 7, -1/66 HPs)
             Began as a Troll Berserker on Feb 7, 2024.
             Was a Priest of Trog.
             Slain by an iguana (7 damage)
             ... on level 5 of the Dungeon.
             The game lasted 00:06:34 (2797 turns).

Hubris850 the Ruffian (Troll Berserker)             Turns: 2797, Time: 00:06:34

Health: -1/66      AC: -12   Str: 26    XL:     7   Next: 71%
Magic:  6/6        EV: 10    Int:  3    God:    Trog [***...]
Gold:   234        SH:  0    Dex: 11    Spells: 6/6 levels left

rFire   . .          .
                       - Unarmed
rCold   . . .        (no shield)
rNeg    . . .        a - +0 animal skin
rPois   .            (helmet currently unavailable)
rElec   .            (cloak currently unavailable)
rCorr   .            (gloves unavailable)
SInv    .            (boots unavailable)
Will    .....        (no amulet)
Stlth   +            (no ring)
HPRegen 1.11/turn    (no ring)
MPRegen 0.10/turn

%: no passive effects
@: beast-form, corroded
A: beast (slay +2), large, unfitting armour, claws 3, regeneration 1, shaggy fur
1, tough skin 1
a: Begin Untransformation, Renounce Religion, Berserk, Trog's Hand


You were on level 5 of the Dungeon.
You worshipped Trog.
Trog was most pleased with you.
You were a hulking beast.
You visited 1 branch of the dungeon, and saw 5 of its levels.

You collected 234 gold pieces.

Inventory:

Hand Weapons
 k - the +7 Throatcutter {drain, coup de grace}
   (You found it on level 3 of the Dungeon)
Missiles
 c - 5 boomerangs (quivered)
Armour
 a - a +0 animal skin (worn)
 r - an orb of wrath
Talismans
 l - a beast talisman (active)
Scrolls
 e - 2 scrolls of identify {unknown}
 f - a scroll of brand weapon {unknown}
 g - 3 scrolls of fog {unknown}
 j - 5 scrolls of teleportation {unknown}
 m - a scroll of revelation {unknown}
 n - a scroll of immolation {unknown}
 o - 3 scrolls of noise {unknown}
 q - a scroll of vulnerability {unknown}
 t - 2 scrolls of amnesia {unknown}
Potions
 b - a potion of might {unknown}
 d - a potion of curing {unknown}
 h - a potion of brilliance {unknown}
 i - a potion of invisibility {unknown}
 p - a potion of heal wounds {unknown}
 s - a potion of haste {unknown}


   Skills:
 - Level 2.4 Fighting
 - Level 4.0 Dodging
 + Level 6.6 Unarmed Combat
 + Level 4.5 Shapeshifting


You had 6 spell levels left.
You didn't know any spells.
Your spell library was empty.

Dungeon Overview and Level Annotations

Branches:
Dungeon (5/15)
 Temple: D:4-7

Altars:
Zin

Annotations:
D:1 1 transporter


Innate Abilities, Weirdness & Mutations

You are a hulking beast.
Your limbs bulge with bestial killing power. (Slay +2)
You are too large for most types of armour.
You have claws for hands.
Your natural rate of healing is unusually fast.
You are covered in fur. (AC +1)
You have tough skin. (AC +1)


Message History

The jelly is severely wounded.
The jelly hits you. The acid corrodes you!
You are splashed with acid!
You are too injured to fight recklessly!
You are too injured to fight recklessly!
You are too injured to fight recklessly!
You scratch the jelly but do no damage.
Your claws burn!
The jelly is severely wounded.
The jelly hits you.
You are splashed with acid!
* * * LOW HITPOINT WARNING * * *
You scratch the jelly.
Your claws burn!
* * * LOW HITPOINT WARNING * * *
The jelly is almost dead.
The jelly closely misses you.
You claw the jelly!
You kill the jelly!
Trog accepts your kill.
You start resting.
An iguana comes into view.
You start resting.
An iguana is nearby!
You scratch the iguana but do no damage.
The iguana bites you!
You barely miss the iguana. The iguana barely misses you.
You scratch the iguana but do no damage.
You scratch the iguana but do no damage.
The iguana bites you.
You closely miss the iguana. The iguana bites you!
* * * LOW HITPOINT WARNING * * *
You scratch the iguana but do no damage.
The iguana closely misses you.
You scratch the iguana but do no damage.
The iguana closely misses you.
You scratch the iguana.
The iguana is moderately wounded.
The iguana bites you!
* * * LOW HITPOINT WARNING * * *
You completely miss the iguana.
The iguana is moderately wounded.
The iguana bites you!
You die...

.. ..#. #. .# ...l##. ##.#
.......###..#
#.........####
##...###.....# ###....
##.##.####
.......###........#
#....lh..).....#
#...##..####......# # #..#
......# #..###
############## #....##
#...... ##..#..# #......
..##...##.#########<.....
#........................
....####(#.#####...†......


You could see an iguana.

Vanquished Creatures
  Menkaure (D:4)
  The ghost of TheBioAlchemist the Trooper, an amateur OnWr (D:3)
  A sky beast (D:4)
  A black bear (D:5)
  An ice beast (D:5)
  A phantom (D:4)
  A scorpion (D:4)
  2 hounds (D:5)
  A jelly (D:5)
  Natasha (D:4)
  Robin (D:4)
  3 adders
  4 dart slugs
  A ribbon worm (D:2)
  An orc (D:4)
  2 bats (D:3)
  8 endoplasms
  2 giant cockroaches (D:1)
  10 goblins
  11 hobgoblins
  3 jackals (D:2)
  3 kobolds
  3 quokkas
  6 ball pythons
  6 frilled lizards
  8 rats
83 creatures vanquished.

Notes
Turn   | Place    | Note
-------+----------+-------------------------------------------
     0 | D:1      | Hubris850 the Troll Berserker began the quest for the Orb.
     0 | D:1      | Reached XP level 1. HP: 22/22 MP: 0/0
   221 | D:1      | Reached XP level 2. HP: 29/29 MP: 1/1
   501 | D:1      | Reached ** piety under Trog
   550 | D:1      | Reached XP level 3. HP: 36/36 MP: 2/2
  1203 | D:2      | Reached skill level 4 in Unarmed Combat
  1322 | D:3      | Reached XP level 4. HP: 44/44 MP: 3/3
  1322 | D:3      | Found the +7 Throatcutter {drain, coup de grace}
  1374 | D:3      | Found a glowing silver altar of Zin.
  1745 | D:3      | Found a runed translucent door.
  1745 | D:3      | Noticed TheBioAlchemist's ghost (amateur OnWr)
  1915 | D:3      | Killed TheBioAlchemist's ghost
  1916 | D:3      | Reached skill level 1 in Shapeshifting
  1916 | D:3      | Reached XP level 5. HP: 42/50 MP: 4/4
  1947 | D:4      | Noticed Menkaure
  1950 | D:4      | Killed Menkaure
  1951 | D:4      | Reached skill level 5 in Unarmed Combat
  1951 | D:4      | Reached XP level 6. HP: 26/59 MP: 5/5
  2153 | D:4      | Noticed a sky beast
  2158 | D:4      | Killed a sky beast
  2159 | D:4      | Reached XP level 7. HP: 66/66 MP: 6/6
  2252 | D:4      | Noticed Robin
  2257 | D:4      | Reached *** piety under Trog
  2260 | D:4      | Killed Robin
  2324 | D:4      | Noticed Natasha
  2327 | D:4      | Killed Natasha
  2524 | D:4      | Reached skill level 6 in Unarmed Combat
  2651 | D:5      | Entered Level 5 of the Dungeon
  2797 | D:5      | Slain by an iguana

Illustrated notes

Levels and vault maps discovered:
D:1:      spicycebolla_arrival_risky_transporter, layout_basic,
          hangedman_feature_mirror, chequers_serial_rivers_marsh
D:2:      layout_loops_cross, kennysheep_cross_room
D:3:      layout_basic, mainiacjoe_overflow_tiny_flanked,
          hellmonk_ghost_happy_afterlife
D:4:      layout_loops_cross, uniq_robin, uniq_menkaure, uniq_natasha
D:5:      layout_rooms, minmay_temple_entry_proselytizer, ebering_ghost_sewer_d

Skill      XL: |  1  2  3  4  5  6  7 |
---------------+----------------------+-----
Dodging        | 3 4 |  4.0
Unarmed Combat | 4 5 6 |  6.6
Shapeshifting  | 1 2 3 4 |  4.5
Fighting       | |  2.4

Action                     |  1- 3 |  4- 6 |  7- 9 || total
---------------------------+-------+-------+-------++-------
  Melee: Unarmed           |    93 |    12 |    59 ||   164
         Long sword        |       |    20 |       ||    20
         Punch             |       |     2 |       ||     2
   Stab: Sleeping          |       |     1 |     1 ||     2
 Armour: Animal skin       |    44 |    20 |    38 ||   102
  Dodge: Dodged            |    30 |     8 |    19 ||    57
   Form: Beast             |       |     1 |       ||     1
